[Event "ESP-ch Seniors 2017"]
[Site "Altea"]
[Date "2017.10.08"]
[Round "2"]
[White "Celaya Tapiz, Jose Maria"]
[Black "Tejero Royo, Fermin"]
[Result "1-0"]
[ECO "C71"]
[WhiteElo "2196"]
[BlackElo "1998"]
[Annotator "ChessBase"]
[PlyCount "131"]
[EventDate "2017.??.??"]
[EventType "swiss"]
[EventCountry "ESP"]
[SourceTitle "playchess.com"]
[Source "ChessBase"]
[SourceQuality "1"]
[TimeControl "5400+30"]

1. e4 e5 2. Nf3 Nc6 3. Bb5 a6 4. Ba4 d6 5. h3 Bd7 6. O-O g6 7. c3 Bg7 8. Bc2 Nf6 9. d4 O-O 10. dxe5 Nxe5 11. Nxe5 dxe5 12. Nd2 Bc6 13. Re1 Nh5 14. Nf1 Qxd1 15. Rxd1 Nf4 16. h4 Ne2+ 17. Kh2 Nxc1 18. Raxc1 Bh6 19. Ra1 Rad8 20. f3 Rfe8 21. g3 Kf8 22. Kg2 Ke7 23. Kf2 Rd7 24. Rxd7+ Bxd7 25. Bb3 Bc6 26. Rd1 f5 27. exf5 gxf5 28. Ne3 Bxe3+ 29. Kxe3 f4+ 30. gxf4 exf4+ 31. Kxf4 Rf8+ 32. Kg5 Rxf3 33. Rd2 Be8 34. Bd5 Rg3+ 35. Kf4 Rh3 36. Bxb7 Rxh4+ 37. Kg3 Rh6 38. Bf3 Bf7 39. a3 Rf6 40. Bg4 Be6 41. Bf3 Bf5 42. Bh5 Rd6 43. Rf2 Rf6 44. Rd2 Rd6 45. Rf2 Rf6 46. Be2 a5 47. Rh2 Rb6 48. Bh5 Kf6 49. Kf4 Re6 50. Bf3 Bg6 51. Rd2 Re5 52. b4 Be8 53. Rd8 Rf5+ 54. Ke3 Ke7 55. Rc8 axb4 56. cxb4 c5 57. Rxc5 Rxc5 58. bxc5 Bb5 59. Kd4 Kd8 60. Bd1 Kc7 61. a4 Be8 62. a5 h5 63. Bf3 h4 64. a6 Bc6 65. Bxc6 Kxc6 66. Ke4 {Kd5+} 1-0

[Event "ESP-ch Seniors 2017"]
[Site "Altea"]
[Date "2017.10.08"]
[Round "2"]
[White "Riquelme Valero, Manuel Damian"]
[Black "Castellanos Bogalo, Antonio"]
[Result "1-0"]
[ECO "A51"]
[WhiteElo "2147"]
[BlackElo "2006"]
[Annotator "ChessBase"]
[PlyCount "75"]
[EventDate "2017.??.??"]
[EventType "swiss"]
[EventCountry "ESP"]
[SourceTitle "playchess.com"]
[Source "ChessBase"]
[SourceQuality "1"]
[TimeControl "5400+30"]

1. d4 Nf6 2. c4 e5 3. dxe5 Ne4 4. Nd2 Nc5 5. Ngf3 Nc6 6. Nb3 Ne6 7. Bd2 a5 8. e3 b6 9. Be2 Bb7 10. O-O g5 11. Bc3 Rg8 12. Nfd4 g4 13. Nxe6 dxe6 14. Qxd8+ Rxd8 15. Rad1 Be7 16. Bd3 h5 17. Be4 Rg5 18. Nc1 Rb8 19. Nd3 Nd8 20. Bxb7 Rxb7 21. Rd2 c5 22. Rfd1 Nc6 23. a4 Rd7 24. Kf1 Bd8 25. f4 gxf3 26. gxf3 Bc7 27. f4 Rg6 28. Nf2 Rxd2 29. Rxd2 Nb8 30. Ne4 Nd7 31. Rg2 Ke7 32. Be1 Kf8 33. Bh4 Kg7 34. Bg5 Kh7 35. Rg3 Kg7 36. Rh3 Nf8 37. Bf6+ Kh7 38. Ng5+ 1-0

[Event "ESP-ch Seniors 2017"]
[Site "Altea"]
[Date "2017.10.08"]
[Round "2"]
[White "Dominguez Rueda, Juan"]
[Black "Lopez Colon, Francisco"]
[Result "1-0"]
[ECO "B52"]
[WhiteElo "2135"]
[BlackElo "1938"]
[Annotator "ChessBase"]
[PlyCount "97"]
[EventDate "2017.??.??"]
[EventType "swiss"]
[EventCountry "ESP"]
[SourceTitle "playchess.com"]
[Source "ChessBase"]
[SourceQuality "1"]
[TimeControl "5400+30"]

1. e4 c5 2. Nf3 d6 3. Bb5+ Bd7 4. Bxd7+ Qxd7 5. O-O Nc6 6. c3 Nf6 7. Re1 e5 8. d4 Be7 9. Nbd2 cxd4 10. cxd4 exd4 11. Nb3 O-O 12. Nbxd4 Nxd4 13. Qxd4 Rfd8 14. Bg5 h6 15. Bh4 Nh5 16. Rad1 Qe6 17. Bxe7 Qxe7 18. Rd2 Nf6 19. h3 Qe6 20. a3 Rd7 21. Rde2 b6 22. Rc2 Re8 23. Rc6 Qe7 24. b4 Qd8 25. Nd2 Re6 26. b5 Qe7 27. Re3 Re5 28. Rc8+ Kh7 29. f4 Rc5 30. Rc6 g6 31. a4 Ne8 32. Rd3 Rc7 33. Rxc5 bxc5 34. Qc4 Qe6 35. a5 Rb7 36. Rb3 Nc7 37. b6 axb6 38. axb6 Qxc4 39. Nxc4 Na8 40. Ra3 Nxb6 41. Rb3 Nxc4 42. Rxb7 Kg7 43. Kf2 Kf6 44. Ke2 g5 45. g3 gxf4 46. gxf4 Na5 47. Rb5 Nc6 48. e5+ dxe5 49. Rb6 1-0

[Event "ESP-ch Seniors 2017"]
[Site "Altea"]
[Date "2017.10.08"]
[Round "2"]
[White "Bautista Sanchez, Joan"]
[Black "Barcena Laguia, Francisco"]
[Result "1-0"]
[ECO "A06"]
[WhiteElo "2123"]
[BlackElo "1874"]
[Annotator "ChessBase"]
[PlyCount "95"]
[EventDate "2017.??.??"]
[EventType "swiss"]
[EventCountry "ESP"]
[SourceTitle "playchess.com"]
[Source "ChessBase"]
[SourceQuality "1"]
[TimeControl "5400+30"]

1. Nf3 d5 2. c4 c6 3. e3 e6 4. b3 f5 5. Bb2 Nf6 6. Be2 Bd6 7. O-O O-O 8. Ne5 Nbd7 9. f4 Qc7 10. d4 Ne4 11. Nc3 Ndf6 12. Rc1 Qd8 13. Bf3 Bd7 14. Rc2 Be8 15. g4 fxg4 16. Bxg4 Nxg4 17. Qxg4 Rf6 18. Nxe4 dxe4 19. Rg2 Qe7 20. Rd1 Bxe5 21. fxe5 Rf5 22. Ba3 Qf7 23. Qxe4 Qh5 24. Re1 Bg6 25. Qg4 Rd8 26. Qxh5 Bxh5 27. Rf1 Rxf1+ 28. Kxf1 Rd7 29. Bc5 a6 30. Ke1 Rf7 31. Kd2 Rf3 32. Be7 Kf7 33. Bh4 Bg6 34. a4 Be4 35. Rg4 Bf5 36. Rg1 h5 37. Rg2 Bb1 38. Bg5 Ba2 39. Kc3 Bb1 40. h4 Be4 41. Rh2 Bf5 42. Kb4 b6 43. a5 b5 44. Kc5 Bd3 45. Rd2 Be4 46. Kb6 Ke8 47. Kxa6 Rf7 48. Kb6 1-0

[Event "ESP-ch Seniors 2017"]
[Site "Altea"]
[Date "2017.10.08"]
[Round "2"]
[White "Ruiz Ledo, Antonio"]
[Black "Garcia Fernandez, Carlos"]
[Result "1/2-1/2"]
[ECO "A04"]
[WhiteElo "2045"]
[BlackElo "2264"]
[Annotator "ChessBase"]
[PlyCount "34"]
[EventDate "2017.??.??"]
[EventType "swiss"]
[EventCountry "ESP"]
[SourceTitle "playchess.com"]
[Source "ChessBase"]
[SourceQuality "1"]
[TimeControl "5400+30"]

1. Nf3 d6 2. g3 e5 3. Bg2 f5 4. c4 Nf6 5. Nc3 g6 6. O-O Bg7 7. d4 e4 8. Ne1 c6 9. f3 exf3 10. Bxf3 O-O 11. Nc2 Na6 12. Bf4 h6 13. h4 Kh7 14. Qd2 d5 15. cxd5 Nxd5 16. Nxd5 cxd5 17. Rfd1 Be6 1/2-1/2

[Event "ESP-ch Seniors 2017"]
[Site "Altea"]
[Date "2017.10.08"]
[Round "2"]
[White "Serrano Marhuenda, Salvador"]
[Black "Brusi Noguera, Ricardo Ll"]
[Result "1-0"]
[ECO "B02"]
[WhiteElo "2012"]
[BlackElo "2156"]
[Annotator "ChessBase"]
[PlyCount "161"]
[EventDate "2017.??.??"]
[EventType "swiss"]
[EventCountry "ESP"]
[SourceTitle "playchess.com"]
[Source "ChessBase"]
[SourceQuality "1"]
[TimeControl "5400+30"]

1. e4 Nf6 2. Nc3 d5 3. exd5 Nxd5 4. Bc4 c6 5. Qf3 e6 6. d4 Nb6 7. Bb3 Qxd4 8. Nge2 Qh4 9. Bf4 Bb4 10. O-O-O Nd5 11. g3 Qe7 12. Bxd5 exd5 13. Rxd5 O-O 14. Re5 Be6 15. Nd4 Nd7 16. Re2 Qf6 17. Rd1 Nb6 18. Nxe6 fxe6 19. Ne4 Qg6 20. Qb3 Be7 21. Nc3 Bg5 22. Bxg5 Qxg5+ 23. f4 Qh5 24. Qxe6+ Kh8 25. Rde1 Rab8 26. h4 Qf3 27. Qe3 Qg4 28. b3 h6 29. a4 Qf5 30. Qe5 Qg4 31. Re3 a6 32. Qe6 Qh5 33. Re5 Qf3 34. R1e3 Qf2 35. a5 Nc8 36. Rd3 Na7 37. Ne4 Qe1+ 38. Kb2 Nb5 39. Nc3 Qf2 40. Nxb5 cxb5 41. Re2 Qc5 42. Qe7 Qc6 43. Rd7 Qf6+ 44. Qxf6 Rxf6 45. h5 b6 46. axb6 Rfxb6 47. Ree7 Rg8 48. f5 Rc6 49. g4 Rgc8 50. Re2 b4 51. Red2 Kh7 52. R7d6 a5 53. R6d5 Ra8 54. Rb5 Kg8 55. Rd7 Rac8 56. Rd2 Ra8 57. Rb7 Kh8 58. Rbd7 Kh7 59. R2d6 Rxd6 60. Rxd6 Kg8 61. Rd5 Kf7 62. Rd7+ Kf6 63. Rd6+ Kf7 64. Kc1 Ra7 65. Kd2 Ra8 66. Rc6 Ra7 67. Ke3 Rd7 68. Rc5 Ra7 69. Kf4 a4 70. bxa4 Rxa4 71. Rc4 Ra2 72. g5 hxg5+ 73. Kxg5 Kf8 74. Rc6 Ra5 75. Kg6 Ra8 76. h6 gxh6 77. f6 h5 78. Rc7 Kg8 79. Rg7+ Kh8 80. Rh7+ Kg8 81. f7+ 1-0

[Event "ESP-ch Seniors 2017"]
[Site "Altea"]
[Date "2017.10.08"]
[Round "2"]
[White "Garcia Galeote, Lorenzo"]
[Black "Sabater Sanchez, Asensio"]
[Result "1-0"]
[ECO "A40"]
[WhiteElo "1998"]
[BlackElo "2149"]
[Annotator "ChessBase"]
[PlyCount "55"]
[EventDate "2017.??.??"]
[EventType "swiss"]
[EventCountry "ESP"]
[SourceTitle "playchess.com"]
[Source "ChessBase"]
[SourceQuality "1"]
[TimeControl "5400+30"]

1. d4 e6 2. Nf3 d5 3. e3 c5 4. b3 Nc6 5. Bb2 Nf6 6. Bd3 Bd6 7. Nbd2 O-O 8. O-O Re8 9. Ne5 Qc7 10. f4 a6 11. Ndf3 cxd4 12. exd4 Nb4 13. Ng5 Re7 14. c4 Nxd3 15. Qxd3 h6 16. c5 hxg5 17. cxd6 Qxd6 18. fxg5 Ne4 19. a4 Rc7 20. g6 f5 21. Qh3 Nf6 22. Rf4 b5 23. axb5 Bb7 24. Rh4 Kf8 25. Rh8+ Ke7 26. Rxa8 Bxa8 27. Rxa6 Qb4 28. Qe3 1-0

[Event "ESP-ch Seniors 2017"]
[Site "Altea"]
[Date "2017.10.08"]
[Round "2"]
[White "De Lucas Bello, Federico"]
[Black "Simon Padros, Emili"]
[Result "1/2-1/2"]
[ECO "C05"]
[WhiteElo "1988"]
[BlackElo "2153"]
[Annotator "ChessBase"]
[PlyCount "68"]
[EventDate "2017.??.??"]
[EventType "swiss"]
[EventCountry "ESP"]
[SourceTitle "playchess.com"]
[Source "ChessBase"]
[SourceQuality "1"]
[TimeControl "5400+30"]

1. e4 e6 2. d4 d5 3. Nd2 Nf6 4. e5 Nfd7 5. Bd3 c5 6. c3 Nc6 7. Ngf3 cxd4 8. cxd4 Nb6 9. O-O Bd7 10. a3 a5 11. Nb1 Be7 12. Nc3 O-O 13. Bc2 f5 14. exf6 Bxf6 15. Qd3 g6 16. Bh6 Bg7 17. Bxg7 Kxg7 18. Ne2 Nc4 19. b3 Nd6 20. Ng3 Kh8 21. Qd2 Qf6 22. Rfe1 Qf4 23. Re3 a4 24. Ne2 Qf6 25. Nc3 axb3 26. Bxb3 Na5 27. Qd1 Nac4 28. Bxc4 Nxc4 29. Re2 Qf4 30. a4 Rfc8 31. Qb3 b6 32. h3 Qd6 33. Ng5 Qf4 34. Nf3 Qf8 1/2-1/2

[Event "ESP-ch Seniors 2017"]
[Site "Altea"]
[Date "2017.10.08"]
[Round "2"]
[White "Gonzalvez Perales, Jose Luis"]
[Black "Lopez Pereyra, Antonio"]
[Result "0-1"]
[ECO "B21"]
[WhiteElo "1988"]
[BlackElo "2137"]
[Annotator "NA"]
[PlyCount "60"]
[EventDate "2017.??.??"]
[EventType "swiss"]
[EventCountry "ESP"]
[SourceTitle "playchess.com"]
[Source "ChessBase"]
[SourceQuality "1"]
[TimeControl "5400+30"]

1. e4 c5 2. d4 cxd4 3. c3 Nf6 4. e5 Nd5 5. cxd4 e6 6. Nf3 b6 7. Nc3 Nxc3 8. bxc3 Qc7 9. Bd2 Bb7 10. Bd3 d6 11. O-O Nd7 12. Re1 Be7 13. Qe2 Rd8 {[%emt 0:03:39] B22: Sicilian: 2 c3} 14. exd6 Bxd6 15. Ng5 $146 ({Predecessor:} 15. c4 O-O 16. d5 e5 17. Qe4 f5 18. Qh4 Nc5 19. Bf1 Rde8 20. Bc3 Rf6 21. g3 Bc8 {½-½ (38) Schaefer,M (2159)-Dragnev,V (2438) Bad Wiessee 2016}) 15... Nf6 16. Nxe6 fxe6 17. Qxe6+ Kf8 18. c4 $2 (18. h4 $17) 18... Bc8 19. Qe2 Bxh2+ 20. Kh1 Re8 (20... Rxd4 $19 21. Bg5 Kf7 22. Bxf6 Kxf6 23. Qf3+ Qf4 24. Qc6+ Rd6) 21. Qf3 Bg4 22. Rxe8+ Kxe8 23. Qa8+ Qb8 24. Qc6+ {[%emt 0:00:25] [#]} Kf7 $1 25. c5 Be6 26. Re1 Bd5 27. Qb5 bxc5 28. Qxc5 Bd6 29. Qa5 Qc7 30. Qa4 $19 Qd7 0-1

[Event "ESP-ch Seniors 2017"]
[Site "Altea"]
[Date "2017.10.08"]
[Round "2"]
[White "Marin Calderon, Angel"]
[Black "Fernandez Perez, Josep"]
[Result "1/2-1/2"]
[ECO "C00"]
[WhiteElo "1924"]
[BlackElo "2045"]
[Annotator "NA"]
[PlyCount "123"]
[EventDate "2017.??.??"]
[EventType "swiss"]
[EventCountry "ESP"]
[SourceTitle "playchess.com"]
[Source "ChessBase"]
[SourceQuality "1"]
[TimeControl "5400+30"]

1. e4 e6 2. Nf3 d5 3. exd5 exd5 4. d4 Nf6 5. Be2 Bd6 6. O-O O-O 7. Bg5 Re8 {[%emt 0:01:22] C01: French: Exchange Variation} (7... h6 8. Bh4 Bf5 9. Nbd2 Nbd7 10. c4 dxc4 11. Nxc4 Be7 12. Nce5 Nd5 13. Bg3 Nxe5 14. Nxe5 c6 15. a3 Bd6 {½-½ (15) Vajda,L (2508)-Gonda,L (2548) Budapest 2011}) 8. c3 Nbd7 9. Nbd2 c6 10. Re1 Nf8 11. Bd3 $146 ({Predecessor:} 11. Qc2 Bg4 12. Bd3 Rxe1+ 13. Rxe1 h6 14. Bh4 Bxf3 15. Nxf3 Ne6 16. Ne5 g5 17. Bg3 Qc7 18. Bf5 Re8 19. Nxf7 {½-½ (19) Hochstadt,R-Charles,G Suncoast 1999}) 11... Rxe1+ 12. Qxe1 Ne6 13. Be3 Nf4 14. Bxf4 Bxf4 15. Qe2 Bg4 16. Nf1 Qe8 17. Ne3 Bh5 18. h3 Kf8 19. Re1 Qe6 20. Bf5 Qd6 21. g4 Bg6 22. Bxg6 hxg6 23. Ng2 g5 (23... Re8 $11 {hält das Gleichgewicht.} 24. Qc2 Rxe1+ 25. Ngxe1 Qe7) 24. Nxf4 gxf4 25. Qe5 Qxe5 26. Rxe5 g6 27. Kg2 Ne4 28. g5 $1 Re8 $1 29. h4 f6 (29... Re7 $11) 30. gxf6 Nxf6 31. Rxe8+ Kxe8 32. Ne5 Nh5 33. Nxg6 Kf7 34. Ne5+ Ke6 35. Kf3 Kf5 36. Nd3 b6 $2 (36... Nf6 37. Nc5 b6) 37. b4 (37. Nb4 $142) 37... Nf6 38. Nxf4 Ne4 {[%emt 0:00:23] [#]} (38... a6 $142 39. Ne2 Ne8 40. Ng3+ Kf6) 39. Ne2 $2 (39. b5 $142 $1 Nd2+ (39... cxb5 40. Nxd5) 40. Ke2) 39... Nd2+ 40. Kg3 Ne4+ {[%emt 0:00:10] [#]} 41. Kf3 (41. Kg2 $1 $18) 41... Nd2+ 42. Ke3 Nc4+ 43. Kd3 Kg4 44. Ng3 Kxh4 (44... b5 $142 45. h5 Nd6) 45. Nf5+ Kg4 $2 (45... Kg5) 46. Ne7 b5 47. Nxc6 Kf3 (47... Kf5 $142 48. Nxa7 Nd6) 48. Nxa7 (48. Ne5+ $142 Kf4 49. Nxc4 dxc4+ 50. Ke2) 48... Na3 49. Nc6 Nc4 50. Ne7 Nb6 51. Nxd5 $2 ({White should try} 51. Nf5 $18) 51... Nxd5 52. Kc2 Kxf2 53. Kb3 Ke3 54. c4 Nc7 $2 (54... Nb6 $11 55. cxb5 Ke4) 55. d5 $2 (55. cxb5 $18 Nxb5 56. Kc4 Nd6+ 57. Kd5) 55... Kd4 56. cxb5 Nxb5 57. a4 Nd6 58. a5 Kxd5 59. Ka4 Kc6 60. Kb3 (60. b5+ $5 Nxb5 61. Kb4 $11) 60... Kb5 61. Kc3 Nb7 $11 62. Kd4 1/2-1/2